 Dungeon Crawl Stone Soup version 0.23-a0-296-ga3b1b28ecf (webtiles) character file.

227 Ablot the Charmwright (level 6, -5/50 HPs)
             Began as a Gnoll Skald on Oct 5, 2018.
             Killed by divine providence
             ... invoked by an orc priest
              (14 damage)
             ... on level 4 of the Dungeon.
             The game lasted 00:02:57 (1419 turns).

Ablot the Charmwright (Gnoll Skald)                 Turns: 1419, Time: 00:02:58

Health: -5/50      AC:  3    Str: 15    XL:     6   Next: 2%
Magic:  4/13       EV: 14    Int: 15    God:
Gold:   17         SH:  0    Dex: 15    Spells: 4/15 levels left

rFire    . . .     SeeInvis .   a - +0 spear
rCold    . . .     Gourm    .   (no shield)
rNeg     . . .     Faith    .   b - +0 leather armour
rPois    .         Spirit   .   (no helmet)
rElec    .         Reflect  .   (no cloak)
rCorr    .         Harm     .   (no gloves)
MR       .....                  (no boots)
Stlth    ++........             (no amulet)
HPRegen  0.16/turn              (no ring)
MPRegen  0.13/turn              (no ring)

@: no status effects
A: distributed training, fangs 1, strong nose
a: no special abilities


You were on level 4 of the Dungeon.
You were hungry.

You visited 1 branch of the dungeon, and saw 4 of its levels.

You collected 119 gold pieces.
You spent 102 gold pieces at shops.

Inventory:

Hand Weapons
 a - a +0 spear (weapon)
 o - a cursed -2 whip
Missiles
 c - 102 stones (quivered)
 k - 119 arrows
 l - 40 bolts
 m - 25 sling bullets
 t - 10 poisoned needles
Armour
 b - a +0 leather armour (worn)
Scrolls
 e - a scroll of fog {unknown}
 i - a scroll of blinking {unknown}
 j - 3 scrolls of identify
 n - a scroll of amnesia {unknown}
 r - a scroll of random uselessness {unknown}
 s - 3 scrolls of remove curse
 w - a scroll of magic mapping
Potions
 f - 2 potions of lignification {unknown}
 g - 4 potions of curing {unknown}
 p - a potion of might {unknown}
 q - a potion of mutation {unknown}
 u - a potion of cancellation {unknown}
 v - a potion of heal wounds {unknown}
Comestibles
 d - 8 rations
 h - 4 chunks of flesh


   Skills:
 + Level 4.9 Fighting
 + Level 1.7 Short Blades
 + Level 1.7 Long Blades
 + Level 1.7 Axes
 + Level 1.7 Maces & Flails
 + Level 4.9 Polearms
 + Level 1.7 Staves
 + Level 1.7 Slings
 + Level 1.7 Bows
 + Level 1.7 Crossbows
 + Level 1.7 Throwing
 + Level 3.1 Armour
 + Level 4.9 Dodging
 + Level 1.7 Stealth
 + Level 1.7 Shields
 + Level 1.7 Unarmed Combat
 + Level 5.2 Spellcasting
 + Level 1.3 Conjurations
 + Level 1.3 Hexes
 + Level 5.6 Charms
 + Level 1.3 Summonings
 + Level 1.3 Necromancy
 + Level 1.3 Translocations
 + Level 1.3 Transmutations
 + Level 1.3 Fire Magic
 + Level 1.3 Ice Magic
 + Level 1.3 Air Magic
 + Level 1.3 Earth Magic
 + Level 1.3 Poison Magic
 + Level 1.9 Invocations
 + Level 1.7 Evocations


You had 4 spell levels left.
You knew the following spells:

 Your Spells              Type           Power        Failure   Level  Hunger
a - Infusion              Chrm           ###.         1%          1    None
b - Song of Slaying       Chrm           ###.....     3%          2    ##.....
c - Shroud of Golubria    Chrm/Tloc      ##........   7%          2    ##.....
d - Regeneration          Chrm/Necr      ##........   14%         3    ###....
e - Spectral Weapon       Hex/Chrm       ##......     14%         3    ###....

Your spell library contained the following spells:

 Spells                   Type           Power        Failure   Level  Hunger


Dungeon Overview and Level Annotations

Branches:
Dungeon (3/15)

Altars:
Sif Muna

Shops:
D:4 ?

Annotations:
D:3 1 runed door


Innate Abilities, Weirdness & Mutations

Your experience applies equally to all skills.
You have very sharp teeth.
Your uncanny sense of smell can sniff out nearby items.


Message History

Unknown command.
You hit the orc priest.
The orc priest is heavily wounded.
Your spectral weapon hits the orc priest but does no damage.
The orc misses you. The orc priest closely misses you.
The orc completely misses you.
Unknown command.
You hit the orc priest but do no damage.
Your bite misses the orc priest.
The orc priest is heavily wounded.
Your spectral weapon hits the orc priest but does no damage.
The orc priest barely misses you. The orc barely misses you.
Unknown command.
You hit the orc priest but do no damage.
The orc priest is heavily wounded.
Your spectral weapon hits the orc priest from afar!
The orc barely misses you.
The orc priest calls down the wrath of Beogh upon you.
Beogh smites you!
You die...

..## ##. #.#. ..
##... .. ....#.
#.#.. #..O#
##oo#####
##.o@(...##
.####.....)...##
...............#
..............#
..............#
###...........##
##<............
##.........##.
#.###..........#
.


You could see an ogre, an orc priest, 2 orcs and a friendly spectral spear.

Vanquished Creatures
  2 orc wizards (D:4)
  3 worker ants
  3 adders (D:2)
  An ooze (D:4)
  3 worms (D:2)
  4 dart slugs
  2 leopard geckos (D:2)
  3 orcs (D:4)
  2 giant cockroaches
  A goblin (D:1)
  3 hobgoblins
  6 jackals
  7 kobolds
  A quokka (D:2)
  7 bats
  4 frilled lizards
  A jackal skeleton (D:4)
  5 rats
58 creatures vanquished.

Notes
Turn   | Place    | Note
-------+----------+-------------------------------------------
     0 | D:1      | Ablot the Gnoll Skald began the quest for the Orb.
     0 | D:1      | Reached XP level 1. HP: 20/20 MP: 6/6
   110 | D:1      | Reached XP level 2. HP: 26/26 MP: 7/7
   120 | D:1      | Learned a level 2 spell: Song of Slaying
   123 | D:1      | Learned a level 2 spell: Shroud of Golubria
   474 | D:2      | Reached XP level 3. HP: 31/31 MP: 3/9
   480 | D:2      | Reached skill level 5 in Spellcasting
   541 | D:2      | Reached skill level 1 in Short Blades
   541 | D:2      | Reached skill level 1 in Long Blades
   541 | D:2      | Reached skill level 1 in Axes
   541 | D:2      | Reached skill level 1 in Maces & Flails
   541 | D:2      | Reached skill level 1 in Staves
   541 | D:2      | Reached skill level 1 in Slings
   541 | D:2      | Reached skill level 1 in Bows
   541 | D:2      | Reached skill level 1 in Crossbows
   541 | D:2      | Reached skill level 1 in Throwing
   541 | D:2      | Reached skill level 1 in Stealth
   541 | D:2      | Reached skill level 1 in Shields
   541 | D:2      | Reached skill level 1 in Unarmed Combat
   541 | D:2      | Reached skill level 1 in Invocations
   541 | D:2      | Reached skill level 1 in Evocations
   541 | D:2      | Reached XP level 4. HP: 34/38 MP: 8/11
   548 | D:2      | Learned a level 3 spell: Regeneration
   552 | D:2      | Learned a level 3 spell: Spectral Weapon
   735 | D:2      | Reached skill level 1 in Conjurations
   735 | D:2      | Reached skill level 1 in Hexes
   735 | D:2      | Reached skill level 1 in Summonings
   735 | D:2      | Reached skill level 1 in Necromancy
   735 | D:2      | Reached skill level 1 in Translocations
   735 | D:2      | Reached skill level 1 in Transmutations
   735 | D:2      | Reached skill level 1 in Fire Magic
   735 | D:2      | Reached skill level 1 in Ice Magic
   735 | D:2      | Reached skill level 1 in Air Magic
   735 | D:2      | Reached skill level 1 in Earth Magic
   735 | D:2      | Reached skill level 1 in Poison Magic
   878 | D:2      | Found a deep blue altar of Sif Muna.
  1255 | D:3      | Reached XP level 5. HP: 37/43 MP: 12/12
  1274 | D:3      | Found a runed door.
  1316 | D:3      | You fall through a shaft!
  1344 | D:4      | Found Etzom's Magic Scroll Shoppe.
  1380 | D:4      | Bought a scroll of magic mapping for 42 gold pieces
  1380 | D:4      | Bought a scroll of identify for 24 gold pieces
  1380 | D:4      | Bought a scroll of remove curse for 36 gold pieces
  1406 | D:4      | Noticed an ogre
  1412 | D:4      | Reached XP level 6. HP: 11/50 MP: 3/13
  1419 | D:4      | Killed from afar by an orc priest

Vault maps used:
D:1:      mrwooster_arrival_statue
D:2:      marbit_many_paths, first_ration
D:3:      fiery_altar_vehumet, ebering_ghost_reflecting_pool
D:4:      kennysheep_mini, minmay_temple_entry_poolview, serial_shops, shop

Skill      XL: |  1  2  3  4  5 |
---------------+----------------+-----
Spellcasting   | 5 |  5.2
Short Blades   | 1 |  1.7
Long Blades    | 1 |  1.7
Axes           | 1 |  1.7
Maces & Flails | 1 |  1.7
Staves         | 1 |  1.7
Slings         | 1 |  1.7
Bows           | 1 |  1.7
Crossbows      | 1 |  1.7
Throwing       | 1 |  1.7
Stealth        | 1 |  1.7
Shields        | 1 |  1.7
Unarmed Combat | 1 |  1.7
Invocations    | 1 |  1.9
Evocations     | 1 |  1.7
Conjurations   | 1 |  1.3
Hexes          | 1 |  1.3
Summonings     | 1 |  1.3
Necromancy     | 1 |  1.3
Translocations | 1 |  1.3
Transmutations | 1 |  1.3
Fire Magic     | 1 |  1.3
Ice Magic      | 1 |  1.3
Air Magic      | 1 |  1.3
Earth Magic    | 1 |  1.3
Poison Magic   | 1 |  1.3
Armour         | 3 |  3.1
Fighting       | |  4.9
Polearms       | |  4.9
Dodging        | |  4.9
Charms         | |  5.6

Action                   |  1- 3 |  4- 6 || total
-------------------------+-------+-------++-------
Melee: Spear             |    80 |   152 ||   232
       Bite              |    10 |    15 ||    25
 Cast: Shroud of Golubri |     2 |     7 ||     9
       Song of Slaying   |     1 |     3 ||     4
       Spectral Weapon   |       |     4 ||     4
       Infusion          |       |     1 ||     1
       Regeneration      |       |     1 ||     1
 Stab: Sleeping          |     4 |     3 ||     7
       Distracted        |       |     1 ||     1
  Eat: Chunk             |       |     2 ||     2
Armor: Leather armour    |    11 |    15 ||    26
Dodge: Dodged            |    42 |    81 ||   123

Table legend:
 A = Non-vault XP
 B = Vault XP
 C = Vault XP percentage of total XP
 D = Non-vault monster count
 E = Vault monster count
 F = Vault count percentage of total count
                 A         B        C        D         E       F
            +---------+---------+-------+---------+---------+-------
      Total |     320 |       5 |   1.5 |      57 |       1 |   1.7
            +---------+---------+-------+---------+---------+-------
        D:1 |      30 |       0 |   0.0 |      16 |       0 |   0.0
        D:2 |     114 |       5 |   4.2 |      24 |       1 |   4.0
        D:3 |      17 |       0 |   0.0 |       8 |       0 |   0.0
        D:4 |     159 |       0 |   0.0 |       9 |       0 |   0.0
            +---------+---------+-------+---------+---------+-------
